 Dungeon Crawl Stone Soup version 0.30.0-10-gfe55d96785 (webtiles) character file.

Game seed: 15888642150916384928

224 VictoriousLee the Shooter (level 6, -9/10 (44) HPs)
             Began as a Formicid Hunter on May 14, 2023.
             Engulfed by a cloud of flame (19 damage)
             ... on level 3 of the Dungeon.
             The game lasted 00:19:26 (2367 turns).

VictoriousLee the Shooter (Formicid Hunter)         Turns: 2367, Time: 00:19:27

HP:   -9/10 (44)    AC:  5    Str: 15    XL:     6   Next: 20%
MP:   6/6           EV: 12    Int:  9    God:
Gold: 137           SH:  0    Dex: 19    Spells: 5/5 levels left

rFire   . . .        a - +0 shortbow
rCold   . . .        (no shield)
rNeg    . . .        c - +0 leather armour
rPois   .            (helmet unavailable)
rElec   .            x - +1 cloak
rCorr   .            (no gloves)
SInv    +            (no boots)
Will    .....        (no amulet)
Stlth   ++           (no ring)
HPRegen 0.21/turn    (no ring)
MPRegen 0.10/turn

%: no passive effects
@: extremely drained
A: permanent stasis, dig shafts and tunnels, antennae 3, four strong arms
a: Dig, Shaft Self


You were on level 3 of the Dungeon.
You visited 1 branch of the dungeon, and saw 3 of its levels.
You also visited: Sewer.

You collected 137 gold pieces.

Inventory:

Hand Weapons
 a - a +0 shortbow (weapon)
 h - a +0 heavy hand axe
 m - a +1 dagger of venom
 p - a +2 short sword of speed
 t - a +0 war axe
Missiles
 s - 2 boomerangs
 z - 6 curare-tipped darts
Armour
 c - a +0 leather armour (worn)
 f - a +0 ring mail
 i - a +0 scale mail
 x - a +1 cloak (worn)
Scrolls
 b - a scroll of immolation
 g - a scroll of blinking {unknown}
 l - 4 scrolls of identify {unknown}
 o - a scroll of noise {unknown}
 q - 2 scrolls of teleportation {unknown}
 r - a scroll of enchant armour {unknown}
 u - a scroll of vulnerability {unknown}
 w - a scroll of fear {unknown}
 y - a scroll of poison {unknown}
Potions
 d - 2 potions of curing {unknown}
 e - a potion of degeneration {unknown}
 j - a potion of flight {unknown}
 k - 3 potions of attraction {unknown}
 n - a potion of might {unknown}
 v - 2 potions of cancellation {unknown}
 A - a potion of resistance {unknown}


   Skills:
 - Level 2.1 Fighting
 + Level 7.0 Ranged Weapons
 - Level 1.7 Dodging
 - Level 1.2 Stealth


You had 5 spell levels left.
You didn't know any spells.
Your spell library contained the following spells:

 Spells                   Type           Power      Damage    Failure   Level
 Shock                    Conj/Air       0%         1d3       45%         1
 Airstrike                Air            0%         2d(0-16)  99%         4
 Swiftness                Air            Unusable   N/A       N/A         3

Dungeon Overview and Level Annotations

Branches:
Dungeon (3/15)              Sewer (visited)

Altars:

Shops:
D:1 *   D:2 ?*(


Innate Abilities, Weirdness & Mutations

You cannot be hasted, slowed, berserked, paralysed or teleported.
You can dig through walls and to a lower floor.
You have a pair of large antennae on your head. (SInv)
Your four strong arms can wield two-handed weapons with a shield.


Message History

You aren't carrying any items that you can evoke.
Unknown command.
You extend your mandibles.
You dig through the rock wall.
You feel drained.
You dig through the rock wall.
You feel drained.
You dig through the rock wall.
You feel drained.
You dig through the rock wall.
You feel drained.
You dig through the rock wall.
You feel drained.
A goblin comes into view. It is wielding a +0 club.
Found 11 gold pieces.
The goblin shouts!
You shoot an arrow. The arrow barely misses the goblin.
The goblin barely misses you. x2
You shoot an arrow. The arrow barely misses the goblin.
The goblin hits you but does no damage.
You shoot an arrow. The arrow hits the goblin.
The goblin is moderately wounded.
The goblin hits you but does no damage.
You shoot an arrow. The arrow hits the goblin.
You kill the goblin!
You dig through the rock wall.
You feel drained.
You dig through the rock wall.
You feel drained.
You dig through the rock wall.
You feel drained.
You dig through the rock wall.
You feel drained.
You dig through the rock wall.
You feel drained.
You dig through the rock wall.
You feel drained.
You dig through the rock wall.
You feel drained.
You dig through the rock wall.
You feel drained.
You dig through the rock wall.
You feel drained.
You dig through the rock wall.
You feel drained.
You dig through the rock wall.
You feel drained.
You dig through the rock wall.
You feel drained.
You dig through the rock wall.
You feel drained.
Found a scroll labelled XUTRITR WIWEVU.
You retract your mandibles.
Really walk into a travel-excluded area?
Really walk into a travel-excluded area?
You are engulfed in blazing flames.
Ouch! That really hurt!
You die...

#.##############
#..............##
####÷#####)..#####.#
.....# #°°§# #.#
.##### #☼§°# #.# .#
#§.○# #.# .#
######...#####.#
.####.§?..$.$.§☼§.##
...#..§○§..$..§☼@.#
......§§§.$$$.§☼○.#
##.#######...######
.....# #§○☼# ...#.#
#§§☼# .....# #○°§#
.#########...#
.............#
.####.######.#


There were no monsters in sight!

Vanquished Creatures
  Pargi (Sewer)
  3 gnolls (D:2)
  An adder (D:2)
  A river rat (D:3)
  2 worms (D:2)
  A dart slug (D:1)
  3 orcs (D:2)
  6 endoplasms
  2 giant cockroaches
  5 goblins
  8 hobgoblins
  3 jackals (D:1)
  6 kobolds
  4 quokkas
  6 ball pythons
  3 bats
  6 frilled lizards
  6 rats
  A spectral kobold (D:1)
68 creatures vanquished.

Notes
Turn   | Place    | Note
-------+----------+-------------------------------------------
     0 | D:1      | VictoriousLee the Formicid Hunter began the quest for the
                  | Orb.
     0 | D:1      | Reached XP level 1. HP: 16/16 MP: 1/1
    45 | D:1      | Reached XP level 2. HP: 22/22 MP: 2/2
   168 | D:1      | Found Uxkyim's General Store.
   342 | D:1      | Reached XP level 3. HP: 27/27 MP: 3/3
   431 | D:1      | Found a faded altar of an unknown god.
   586 | D:2      | Reached skill level 5 in Ranged Weapons
   626 | D:2      | Found Maesole's Magic Scroll Shop.
   631 | D:2      | Found Rustruf's General Store.
   747 | D:2      | Reached XP level 4. HP: 33/33 MP: 4/4
  1329 | D:2      | Found Ejoul's Antique Weapon Shop.
  1508 | D:3      | Reached XP level 5. HP: 38/38 MP: 5/5
  1512 | D:3      | Reached skill level 6 in Ranged Weapons
  1518 | D:3      | Found a glowing drain.
  1527 | Sewer    | Entered a sewer
  1555 | Sewer    | Noticed Pargi
  1570 | Sewer    | Killed Pargi
  1571 | Sewer    | Reached XP level 6. HP: 7/44 MP: 6/6
  1901 | D:3      | Reached skill level 7 in Ranged Weapons
  2367 | D:3      | Engulfed by a cloud of flame

Illustrated notes

Levels and vault maps discovered:
D:1:      tarquinn_simple_flora_water_e, layout_basic, serial_shops, shop,
          dreamdust_ecumenical_altar_drowned_temple,
          hangedman_decor_clover_reticule, minmay_pentomino_s2
D:2:      layout_loops_ring, serial_shops, shop, shop, shop,
          guppyfry_early_orc_mine
D:3:      layout_basic, portal_sewer_entry_b, lemuel_flame_loot_1

Skill      XL: |  1  2  3  4  5  6 |
---------------+-------------------+-----
Ranged Weapons | 5 6 7 |  7.0
Fighting       | |  2.1
Dodging        | |  1.7
Stealth        | |  1.2

Action                     |  1- 3 |  4- 6 || total
---------------------------+-------+-------++-------
   Fire: Shortbow          |    67 |   136 ||   203
Ability: Dig               |       |     1 ||     1
 Armour: Leather armour    |     1 |    19 ||    20
  Dodge: Dodged            |     7 |    58 ||    65
